 Dungeon Crawl Stone Soup version 0.23-a0-636-g0ff6057 (webtiles) character file.

290 galech the Shield-Bearer (level 6, 0/48 HPs)
             Began as a Demonspawn Fighter on Dec 28, 2018.
             Slain by a gnoll
             ... wielding a +0 halberd
              (3 damage)
             ... on level 4 of the Dungeon.
             The game lasted 00:02:28 (2536 turns).

galech the Shield-Bearer (Demonspawn Fighter)       Turns: 2536, Time: 00:02:28

Health: 0/48       AC: 17    Str: 16    XL:     6   Next: 9%
Magic:  6/6        EV:  2    Int: 10    God:
Gold:   216        SH:  9    Dex: 14    Spells: 5/5 levels left

rFire    + . .     SeeInvis .   a - +0 war axe
rCold    + + .     Gourm    .   c - +0 shield
rNeg     . . .     Faith    .   r - +0 plate armour
rPois    .         Spirit   .   (helmet restricted)
rElec    .         Reflect  .   g - scarf {rC+ rF+}
rCorr    .         Harm     .   (no gloves)
MR       .....                  (no boots)
Stlth    ..........             (no amulet)
HPRegen  0.16/turn              (no ring)
MPRegen  0.10/turn              (no ring)

@: sanguine armour
A: horns 1, cold resistance 1, sanguine armour 1
a: no special abilities


You were on level 4 of the Dungeon.
You were not hungry.

You visited 1 branch of the dungeon, and saw 4 of its levels.

You collected 216 gold pieces.

Inventory:

Hand Weapons
 a - a +0 war axe (weapon)
Armour
 c - a +0 shield (worn)
 g - a scarf of resistance (worn)
 r - a +0 plate armour (worn)
Wands
 s - a wand of flame (15)
Scrolls
 b - a scroll of remove curse {unknown}
 j - 2 scrolls of fear {unknown}
 l - 3 scrolls of teleportation {unknown}
 m - 9 scrolls of identify {unknown}
 t - a scroll of blinking {unknown}
Potions
 e - 3 potions of curing {unknown}
 h - 2 potions of heal wounds {unknown}
 i - 2 potions of resistance {unknown}
 k - 2 potions of mutation {unknown}
 n - a potion of cancellation {unknown}
 o - 2 potions of haste {unknown}
 p - 3 potions of lignification {unknown}
 q - a potion of invisibility {unknown}
Comestibles
 f - 4 rations


   Skills:
 + Level 3.9 Fighting
 + Level 3.6 Axes
 + Level 3.6 Armour
 + Level 0.3 Dodging
 + Level 4.0 Shields


You had 5 spell levels left.
You didn't know any spells.
Your spell library was empty.

Dungeon Overview and Level Annotations

Branches:
Dungeon (4/15)
 Temple: D:4-7

Altars:
Xom


Innate Abilities, Weirdness & Mutations

You have a pair of small horns on your head.
Your flesh is cold resistant. (rC+)
When seriously injured, your bleeding wounds create armour. (AC +6)


Message History

You block the gnoll's attack. You block the gnoll's attack. x2
Your plate armour prevents you from hitting the gnoll.
You block the gnoll's attack. The gnoll hits you with a +0 halberd.
* * * LOW HITPOINT WARNING * * *
You hit the gnoll. You headbutt the gnoll.
The gnoll is heavily wounded.
The gnoll hits you from afar with a +0 halberd.
* * * LOW HITPOINT WARNING * * *
You block the gnoll's attack. The gnoll hits you but does no damage.
You slash the gnoll!
You kill the gnoll!
The gnoll hits you but does no damage. The gnoll hits you but does no damage.
Things that are here:
a +0 halberd; a gnoll corpse You hit the gnoll.
Your headbutt misses the gnoll.
The gnoll is lightly wounded.
The gnoll hits you with a +0 halberd.
You die...

.g......#.#
#......#.#
#........#
#.....#..#
#.....#..#
#.....#.>#
#.§§§.##g#
≈§.§§.. #g#
≈#+#§§. #@#
.. #.# #.#
#.# #.#
#.#########
#......(..#
#########.#
#.#


You could see 2 gnolls.

Vanquished Creatures
  2 centaurs
  Terence (D:3)
  A gnoll (D:4)
  5 adders
  2 worms (D:2)
  A dart slug (D:2)
  3 leopard geckos
  8 bats
  2 giant cockroaches (D:2)
  2 goblins
  6 hobgoblins
  A quokka (D:3)
  3 frilled lizards
  4 kobolds
  4 rats
45 creatures vanquished.

Notes
Turn   | Place    | Note
-------+----------+-------------------------------------------
     0 | D:1      | galech the Demonspawn Fighter began the quest for the Orb.
     0 | D:1      | Reached XP level 1. HP: 18/18 MP: 1/1
   268 | D:1      | Reached skill level 3 in Shields
   268 | D:1      | Gained mutation: When seriously injured, your bleeding
                  | wounds create armour. (AC +6) [demonic ancestry]
   268 | D:1      | Reached XP level 2. HP: 20/24 MP: 2/2
   298 | D:1      | Found a shimmering altar of Xom.
  1161 | D:2      | Reached XP level 3. HP: 25/29 MP: 3/3
  1306 | D:2      | Noticed a centaur
  1547 | D:2      | Killed a centaur
  1547 | D:2      | Gained mutation: You have a pair of small horns on your
                  | head. [demonic ancestry]
  1547 | D:2      | Reached XP level 4. HP: 19/36 MP: 4/4
  2042 | D:3      | Gained mutation: Your flesh is cold resistant. (rC+)
                  | [demonic ancestry]
  2042 | D:3      | Reached XP level 5. HP: 36/41 MP: 5/5
  2144 | D:3      | Noticed Terence
  2150 | D:3      | Killed Terence
  2289 | D:3      | Noticed a centaur
  2303 | D:3      | Killed a centaur
  2303 | D:3      | Reached XP level 6. HP: 28/48 MP: 6/6
  2530 | D:4      | Reached skill level 4 in Shields
  2533 | D:4      | HP: 2/48 [gnoll/+0 halberd (3)]
  2536 | D:4      | Slain by a gnoll

Vault maps used:
D:1:      minmay_arrival_three_doors, xom_teletrap_fun
D:3:      uniq_terence
D:4:      kennysheep_mini_moat, first_ration, uniq_eustachio

Skill      XL: |  1  2  3  4  5  6 |
---------------+-------------------+-----
Shields        | 3 4 |  4.0
Armour         | 3 |  3.6
Axes           | 2 3 |  3.6
Fighting       | |  3.9
Dodging        | |  0.3

Action                   |  1- 3 |  4- 6 || total
-------------------------+-------+-------++-------
Melee: War axe           |    99 |    78 ||   177
       Headbutt          |       |    11 ||    11
  Use: Potion            |     1 |       ||     1
  Eat: Chunk             |     2 |     3 ||     5
Armor: Scale mail        |    42 |       ||    42
       Plate armour      |    25 |    67 ||    92
Dodge: Dodged            |    25 |     8 ||    33
Block: Shield            |    74 |    47 ||   121

Table legend:
 A = Non-vault XP
 B = Vault XP
 C = Vault XP percentage of total XP
 D = Non-vault monster count
 E = Vault monster count
 F = Vault count percentage of total count
                 A         B        C        D         E       F
            +---------+---------+-------+---------+---------+-------
      Total |     379 |      36 |   8.7 |      44 |       1 |   2.2
            +---------+---------+-------+---------+---------+-------
        D:1 |      24 |       0 |   0.0 |      17 |       0 |   0.0
        D:2 |     168 |       0 |   0.0 |      15 |       0 |   0.0
        D:3 |     159 |      36 |  18.5 |      10 |       1 |   9.1
        D:4 |      28 |       0 |   0.0 |       2 |       0 |   0.0
            +---------+---------+-------+---------+---------+-------
